 Dungeon Crawl Stone Soup version 0.27.0 (webtiles) character file.

Game seed: 4334836549479066590

2090 mainiacjoe the Destroyer (level 9, -4/60 HPs)
             Began as a Palentonga Conjurer on July 30, 2021.
             Was a Priest of Cheibriados.
             Slain by an orc warrior (16 damage)
             ... on level 8 of the Dungeon.
             The game lasted 00:38:45 (8371 turns).

mainiacjoe the Destroyer (Palentonga Conjurer)      Turns: 8371, Time: 00:38:46

Health: -4/60      AC: 12    Str: 20    XL:     9   Next: 6%
Magic:  2/14       EV: 10    Int: 29    God:    Cheibriados [***...]
Gold:   377        SH:  0    Dex: 16    Spells: 3/14 levels left

rFire    . . .     SeeInvis +   a - +0 hand axe (vamp)
rCold    . . .     Faith    .   (no shield)
rNeg     . . .     Spirit   .   d - +0 robe
rPois    .         Reflect  .   v - +0 helmet
rElec    .         Harm     .   (no cloak)
rCorr    .         Rampage  .   (no gloves)
Will     +....                  (no barding)
Stlth    ++........             (no amulet)
HPRegen  0.20/turn              D - ring of willpower
MPRegen  0.14/turn              p - +4 ring of slaying {=R}

@: about to teleport, curled up, very slow
A: large, rugged brown scales 3, see invisible, deformed body, roll 1, armoured
tail, reflexive curl
a: Rolling Charge, Renounce Religion, Bend Time, Temporal Distortion


You were on level 8 of the Dungeon.
You worshipped Cheibriados.
Cheibriados was most pleased with you.
You visited 2 branches of the dungeon, and saw 9 of its levels.

You collected 377 gold pieces.

Inventory:

Hand Weapons
 a - a +0 vampiric hand axe (weapon)
 b - a +1 short sword of venom
 w - a +0 long sword of freezing
Missiles
 k - 66 bolts
 r - 4 silver javelins
 s - 165 stones
 t - 35 poisoned darts (quivered)
 u - 5 silver boomerangs
 x - 102 arrows
 A - 3 boomerangs
 F - 51 sling bullets
Armour
 d - a +0 robe (worn)
 v - a +0 helmet (worn)
Magical Staves
 j - a staff of air
Jewellery
 e - a ring of flight
 p - a +4 ring of slaying (right hand) {=R}
 D - a ring of willpower (left hand)
Wands
 C - a wand of acid (8)
 E - a wand of iceblast (8)
Scrolls
 g - 5 scrolls of teleportation
 i - a scroll of brand weapon
 m - a scroll of torment {unknown}
 n - a scroll of amnesia
 o - a scroll of fog {unknown}
 y - a scroll of silence {unknown}
 H - a scroll of noise {unknown}
 I - a scroll of enchant weapon {unknown}
Potions
 c - a potion of magic
 f - 2 potions of might
 h - a potion of brilliance
 l - a potion of invisibility
 q - a potion of heal wounds
 z - 2 potions of lignification
 B - 6 potions of curing


   Skills:
 - Level 1.9 Dodging
 - Level 1.6 Stealth
 - Level 3.0 Spellcasting
 - Level 8.0 Conjurations
 + Level 3.2 Hexes
 + Level 3.2 Translocations
 + Level 7.4 Invocations


You had 3 spell levels left.
You knew the following spells:

 Your Spells              Type           Power      Damage    Failure   Level
a - Magic Dart            Conj           100%       1d8       1%          1
b - Searing Ray           Conj           100%       3d7       1%          2
c - Fulminant Prism       Conj/Hex       18%        3d11      8%          4
d - Iskenderun's Mystic   Conj/Tloc      36%        2d9       8%          4

Your spell library contained the following spells:

 Spells                   Type           Power      Damage    Failure   Level
 Dazzling Flash           Conj/Hex       74%        N/A       2%          3
 Portal Projectile        Hex/Tloc       46%        N/A       6%          3
 Animate Skeleton         Necr           8%         N/A       8%          1
 Pain                     Necr           16%        1d4       8%          1
 Summon Guardian Golem    Hex/Summ       13%        N/A       12%         3
 Call Canine Familiar     Summ           4%         N/A       22%         3
 Vampiric Draining        Necr           2%         2d6       22%         3
 Leda's Liquefaction      Hex/Erth       6%         N/A       36%         4
 Animate Dead             Necr           2%         N/A       58%         4
 Alistair's Intoxication  Tmut/Pois      2%         N/A       91%         5
 Borgnjor's Vile Clutch   Necr/Erth      2%         N/A       91%         5
 Orb of Destruction       Conj           25%        9d10      94%         7
 Dispersal                Tloc           11%        N/A       97%         6
 Eringya's Noxious Bog    Tmut/Pois      2%         N/A       100%        6
 Haunt                    Necr/Summ      2%         N/A       100%        7
 Spellforged Servitor     Conj/Summ      13%        N/A       100%        7
 Disjunction              Tloc           11%        N/A       100%        8
 Infestation              Necr           2%         N/A       100%        8


Dungeon Overview and Level Annotations

Branches:
Dungeon (8/15)             Temple (1/1) D:5
   Lair: D:8-11

Altars:
Cheibriados
Dithmenos
Fedhas
Hepliaklqana
Makhleb
Nemelex Xobeh
Okawaru
Qazlal
Ru
Sif Muna
Trog
Uskayaw
Vehumet
Wu Jian
Xom
Yredelemnul
Zin
The Shining One

Annotations:
D:3 exclusion: gnoll


Innate Abilities, Weirdness & Mutations

You are completely covered in rugged brown scales. (AC +3, +7% HP)
You have supernaturally acute eyesight. (SInv)
Armour fits poorly on your strangely shaped body.
You can roll at nearby foes to attack.
You have a long armoured tail.
You curl defensively after being hit.


Message History

You start resting.
Magic restored.
An orc warrior comes into view.
It is wielding a +0 flail and wearing a +0 plate armour of willpower.
Casting: Searing Ray (safe; 1% risk of failure)
Confirm with . or Enter, or press ? or * to list all spells.
You erupt in a blast of force!
The mystic blast hits the orc warrior but does no damage.
The orc warrior shouts!
You hear a shout!
The orc warrior hits you with a +0 flail!
Casting: Iskenderun's Mystic Blast (dangerous; 7% risk of failure)
Confirm with . or Enter, or press ? or * to list all spells.
You erupt in a blast of force!
The mystic blast hits the orc warrior but does no damage.
The orc warrior hits you with a +0 flail.
You can feel time thicken for a moment.
You can no longer inflict damage on those overly hasty.
Cheibriados lowers the support of your attributes as your movement quickens.
The orc warrior closely misses you.
An orc comes into view. It is wielding a +0 morningstar.
You hit the orc warrior.
You feel better.
The orc warrior is severely wounded.
An orc wizard comes into view. It is wielding a +0 dagger.
As you read the scroll of teleportation, it crumbles to dust.
You feel strangely unstable. The orc hits you with a +0 morningstar.
The orc warrior hits you with a +0 flail.
You hit the orc warrior.
You feel better.
The orc warrior is severely wounded.
You slash the orc!
You feel better.
You kill the orc!
Cheibriados thoroughly appreciates the change of pace.
The orc warrior hits you with a +0 flail!
* * * LOW HITPOINT WARNING * * *
The orc warrior hits you with a +0 flail.
* * * LOW HITPOINT WARNING * * *
You completely miss the orc warrior.
Your tail-slap misses the orc warrior.
The orc warrior is severely wounded.
You hit the orc wizard but do no damage.
The orc wizard hits you but does no damage.
The orc warrior hits you with a +0 flail!
You die...

.. ....?.....### #.#
............ ##.###
........... ##.....
..........# ##..[...
(..(...... #.......
..o...... #.......
#.....##### #.......
##...#@..## #.......
##....oo...## #.......
#...........# ##......
#...........# #......>
#...........#####.......
##......................
##.<.#...#######....!..
######### ####.......
#..........


You could see an orc warrior and an orc wizard.

Vanquished Creatures
  A troll (D:6)
  A water moccasin (D:6)
  2 black bears
  2 sky beasts (D:7)
  2 hornet zombies
  2 centaurs
  A phantom (D:7)
  2 kobold brigands (D:7)
  A wyvern zombie (D:7)
  2 bullfrogs
  2 scorpions (D:7)
  A howler monkey (D:6)
  4 hounds
  An orc priest (D:8)
  A bullfrog skeleton (D:3)
  A centaur skeleton (D:6)
  Terence (D:3)
  2 iguanas (D:5)
  A mummy (D:7)
  8 adders
  4 gnolls (D:7)
  2 white imps
  An ufetubus (D:5)
  An adder skeleton (D:4)
  8 orcs
  5 ball pythons
  6 endoplasms
  A giant cockroach (D:2)
  6 goblins
  9 hobgoblins
  2 jackals (D:1)
  3 quokkas
  4 bats
  5 frilled lizards
  2 goblin zombies (D:4)
  2 hobgoblin zombies (D:4)
  13 kobolds
  3 kobold skeletons (D:4)
  4 kobold zombies (D:4)
  An orc zombie (D:4)
  5 rats
125 creatures vanquished.

Vanquished Creatures (others)
  A fulminant prism (D:7)
1 creature vanquished.

Grand Total: 126 creatures vanquished

Notes
Turn   | Place    | Note
-------+----------+-------------------------------------------
     0 | D:1      | mainiacjoe the Palentonga Conjurer began the quest for the
                  | Orb.
     0 | D:1      | Reached XP level 1. HP: 13/13 MP: 3/3
   232 | D:1      | Found a faded altar of an unknown god.
   239 | D:1      | Reached XP level 2. HP: 20/20 MP: 1/5
   346 | D:1      | Learned a level 2 spell: Searing Ray
   486 | D:1      | Became a worshipper of Cheibriados the Contemplative
   486 | D:1      | Reached * piety under Cheibriados
  1002 | D:1      | Reached XP level 3. HP: 25/25 MP: 4/6
  1190 | D:2      | Found a blossoming altar of Fedhas.
  1251 | D:2      | Reached skill level 4 in Conjurations
  1344 | D:2      | Reached ** piety under Cheibriados
  1723 | D:3      | Reached skill level 1 in Invocations
  1869 | D:3      | Reached XP level 4. HP: 32/32 MP: 1/8
  1974 | D:3      | Found a hide-covered altar of Uskayaw.
  2042 | D:3      | Found a glowing silver altar of Zin.
  2120 | D:3      | Noticed Terence
  2125 | D:3      | Killed Terence
  2294 | D:3      | Reached XP level 5. HP: 37/37 MP: 4/9
  2525 | D:3      | Found an ornate altar of the Wu Jian Council.
  2525 | D:3      | Found a sparkling altar of Nemelex Xobeh.
  2527 | D:3      | Found a radiant altar of Vehumet.
  3235 | D:4      | Reached *** piety under Cheibriados
  3350 | D:4      | Found a glowing golden altar of the Shining One.
  3672 | D:4      | Reached skill level 5 in Conjurations
  4306 | D:5      | Entered Level 5 of the Dungeon
  4499 | D:5      | Reached XP level 6. HP: 43/43 MP: 4/10
  4579 | D:5      | Found a staircase to the Ecumenical Temple.
  4586 | D:5      | Identified the +9 falchion of Misery {speed, rPois Will+
                  | Dex+3}
  4593 | Temple   | Entered the Ecumenical Temple
  5506 | D:5      | Reached skill level 6 in Conjurations
  5694 | D:6      | Noticed a troll
  5834 | D:6      | Gained mutation: You curl defensively after being hit.
                  | [Palentonga growth]
  5834 | D:6      | Reached XP level 7. HP: 49/49 MP: 11/11
  5954 | D:6      | Killed a troll
  5954 | D:6      | Reached **** piety under Cheibriados
  6004 | D:6      | Reached skill level 7 in Conjurations
  6086 | D:6      | Reached skill level 5 in Invocations
  6262 | D:6      | Found a basalt altar of Yredelemnul.
  6361 | D:6      | Reached XP level 8. HP: 55/55 MP: 7/12
  6895 | D:7      | Reached skill level 8 in Conjurations
  7046 | D:7      | Learned a level 4 spell: Fulminant Prism
  7051 | D:7      | Learned a level 4 spell: Iskenderun's Mystic Blast
  7170 | D:7      | Reached skill level 1 in Hexes
  7170 | D:7      | Reached skill level 1 in Translocations
  7178 | D:7      | Learned a level 2 spell: Searing Ray
  7986 | D:7      | Found a snail-covered altar of Cheibriados.
  7989 | D:7      | Reached XP level 9. HP: 60/60 MP: 11/14
  8371 | D:8      | Slain by an orc warrior

Illustrated notes

Levels and vault maps discovered:
D:1:      ebering_hopf_link, layout_rooms, basic_ecumenical_altar
D:2:      layout_rooms, basic_altar, minmay_puff
D:3:      layout_loops_ring, lemuel_crystal_altar,
          nicolae_overflow_hidden_temple, mainiacjoe_overflow_24_doors,
          minmay_misc_feat_rows, uniq_terence
D:4:      layout_basic, nicolae_tso_besieged_by_evil
D:5:      layout_loops_ring, minmay_temple_entry_wispy
D:6:      layout_basic, mainiacjoe_overflow_concentric_impassable
D:7:      layout_rooms, slow_altar_2, minivault_10, patterned_corridor
D:8:      layout_rooms, nicolae_kikubaaqudgha_miasma_corner, lair_entry_dummy
Temple:   eino_wide_crystal_templ

Skill      XL: |  1  2  3  4  5  6  7  8 |
---------------+-------------------------+-----
Conjurations   | 4 5 6 7 8 |  8.0
Invocations    | 1 2 3 5 7 |  7.4
Spellcasting   | 3 |  3.0
Hexes          | 3 |  3.2
Translocations | 3 |  3.2
Dodging        | |  1.9
Stealth        | |  1.6

Action                   |  1- 3 |  4- 6 |  7- 9 || total
-------------------------+-------+-------+-------++-------
Melee: Dagger            |    15 |       |       ||    15
       Mace              |       |     5 |       ||     5
       Tailslap          |       |     2 |     6 ||     8
       Hand axe          |       |     4 |    35 ||    39
Throw: Stone             |     2 |     3 |       ||     5
       Dart              |       |    13 |    10 ||    23
       Javelin           |       |       |     2 ||     2
 Cast: Magic Dart        |    47 |    38 |    12 ||    97
       Searing Ray       |     8 |    29 |    23 ||    60
       Fulminant Prism   |       |       |     1 ||     1
       Iskenderun's Myst |       |       |     3 ||     3
Invok: Bend Time         |       |     1 |       ||     1
       Slouch            |       |       |     2 ||     2
 Abil: Rolling Charge    |     1 |     4 |     3 ||     8
Evoke: Wand              |       |       |     1 ||     1
  Use: Scroll            |       |     8 |     6 ||    14
 Stab: Sleeping          |       |       |     1 ||     1
Armor: Robe              |     8 |     7 |    21 ||    36
Dodge: Dodged            |    15 |    12 |    26 ||    53
